 Dungeon Crawl Stone Soup version 0.30-a0-1157-g2cc9ac7196 (webtiles) character file.

Game seed: 8573461841860160605

764 gandydancer the Cudgeller (level 7, -21/44 HPs)
             Began as a Gargoyle Monk on Apr 21, 2023.
             Was an Initiate of Elyvilon.
             Demolished by an orc knight
             ... wielding a +1 great sword
             ... created by the fury of Okawaru
              (22 damage)
             ... on level 6 of the Dungeon on Apr 24, 2023.
             The game lasted 01:02:31 (5741 turns).

gandydancer the Cudgeller (Gargoyle Monk)           Turns: 5741, Time: 01:02:31

Health: -21/44     AC: 26    Str: 16    XL:     7   Next: 81%
Magic:  7/7        EV: 10    Int: 11    God:    Elyvilon [......]
Gold:   269        SH:  0    Dex: 12    Spells: 6/6 levels left

rFire   . . .        f - +2 flail (protect)
rCold   . . .        d - orb {light}
rNeg    + + .        i - +3 plate armour {rN+}
rPois   ∞            (no helmet)
rElec   +            (no cloak)
rCorr   .            (no gloves)
SInv    .            (no boots)
Will    .....        s - amulet of regeneration Stlth
                     D - +5 ring of evasion
HPRegen 1.07/turn    z - ring of poison resistance
MPRegen 0.10/turn

%: no passive effects
@: about to teleport, under a protective aura, glowing
A: sickness immunity, AC +4, negative energy resistance 1, electricity
resistance, torment resistance 1, petrification resistance
a: Renounce Religion


You were on level 6 of the Dungeon.
You worshipped Elyvilon.
Elyvilon was noncommittal.
You visited 1 branch of the dungeon, and saw 6 of its levels.

You collected 269 gold pieces.

Inventory:

Hand Weapons
 a - a +0 mace
 e - a +0 hand axe
 f - a +2 flail of protection (weapon)
 h - a +0 mace
 m - a +0 sling
 o - a +0 lajatang
Missiles
 j - 52 stones
 t - 7 boomerangs
Armour
 d - an orb of light (worn)
 i - a +3 plate armour of positive energy (worn)
Jewellery
 p - a ring of protection from cold
 r - a ring of flight
 s - an amulet of regeneration (around neck)
 z - a ring of poison resistance (right hand)
 D - a +5 ring of evasion (left hand)
Wands
 w - a wand of iceblast (5)
 y - a wand of mindburst (14) (quivered)
 C - a wand of charming (14)
Scrolls
 b - 3 scrolls of enchant armour
 k - 2 scrolls of enchant weapon
 l - 2 scrolls of vulnerability {unknown}
 u - a scroll of amnesia {unknown}
 v - a scroll of immolation {unknown}
 x - 3 scrolls of identify {unknown}
 A - 2 scrolls of fear {unknown}
 B - 2 scrolls of noise {unknown}
Potions
 c - a potion of ambrosia
 g - a potion of berserk rage {unknown}
 n - 2 potions of might {unknown}
 q - 2 potions of cancellation {unknown}
 F - 2 potions of heal wounds {unknown}


   Skills:
 + Level 5.1 Fighting
 + Level 7.0 Maces & Flails
 + Level 3.7 Armour
 + Level 2.8 Dodging
 + Level 0.1 Stealth


You had 6 spell levels left.
You didn't know any spells.
Your spell library contained the following spells:

 Spells                   Type           Power      Damage    Failure   Level
 Magic Dart               Conj           0%         1d3       100%        1
 Searing Ray              Conj           0%         2d4       100%        2
 Animate Dead             Necr           0%         N/A       100%        4
 Fulminant Prism          Conj/Hex       0%         3d5       100%        4
 Haunt                    Necr/Summ      0%         N/A       100%        7
 Infestation              Necr           0%         N/A       100%        8


Dungeon Overview and Level Annotations

Branches:
Dungeon (6/15)
 Temple: D:4-7

Altars:
Elyvilon
Gozag
Okawaru
Zin

Shops:
D:6 *


Innate Abilities, Weirdness & Mutations

You are immune to sickness and miasma.
Your stone body is resilient. (AC +4)
You are immune to poison.
You resist negative energy. (rN+)
You are resistant to electric shocks. (rElec)
You are resistant to unholy torment.
You are immune to petrification.


Message History

The merfolk shouts!
The ogre shouts!
The orc warrior shouts!
The warg howls!
The orc warrior shouts!
You hit the merfolk impaler.
Your weapon exudes an aura of protection.
The merfolk impaler is lightly wounded.
The warg bites you but does no damage. The orc warrior misses you.
The merfolk hits you with a +0 spear.
The merfolk impaler hits you with a +0 trident.
The orc knight roars a battlecry!
The orc warriors go into a battle-frenzy!
Hit: f) +2 flail (protect)
Press: ? - help, Dir - move target, f - merfolk
Aim: a merfolk, wielding a +0 spear (durably summoned, haloed, about 27% to evade your +2 flail of protection)
You hit the merfolk.
The merfolk is lightly wounded.
The warg bites you but does no damage.
The merfolk impaler hits you but does no damage.
The orc warrior hits you with a +0 trident!
The merfolk hits you with a +0 spear! The merfolk closely misses you.
As you read the scroll of teleportation, it crumbles to dust.
You feel strangely unstable. The warg bites you but does no damage.
The merfolk hits you but does no damage.
The merfolk closely misses you.
The orc knight hits you but does no damage.
Unknown command.
Hit: f) +2 flail (protect)
Press: ? - help, Dir - move target, f/p - merfolk
Aim: a merfolk, wielding a +0 spear (lightly wounded, durably summoned, haloed, about 27% to evade your +2 flail of protection)
You closely miss the merfolk.
The merfolk is lightly wounded.
The warg closely misses you. The warg bites you but does no damage.
The merfolk impaler closely misses you.
The merfolk hits you but does no damage.
The orc warrior hits you from afar with a +0 glaive.
The merfolk closely misses you.
The orc warrior hits you with a +0 trident!
* * * LOW HITPOINT WARNING * * *
The orc knight hits you with a +1 great sword!!
Ouch! That really hurt!
You die...

#. #. #. #. #.#+## #.m..#
#.o..# #m@m.# ...
#ho..#.... #+###
##o###.... ###+###
#...####O# ....# #......
#........#.....# #......
#...)....#.....# #......
#........'.....' #......
#. #.......>#.....#
#....## #..
#...##...#.....####....#.


You could see a merfolk impaler, an orc knight, 2 merfolk, a warg, 2 orc
warriors and an ogre.

Vanquished Creatures
  An ice beast (D:5)
  A black bear (D:5)
  A scorpion (D:5)
  A jelly (D:6)
  3 hounds (D:5)
  Ijyb (D:5)
  2 iguanas
  3 orc wizards (D:5)
  4 gnolls (D:5)
  9 adders
  A white imp (D:6)
  An ufetubus (D:5)
  2 worms (D:2)
  2 dart slugs
  15 orcs
  6 ball pythons
  7 endoplasms
  3 giant cockroaches
  7 hobgoblins
  8 jackals
  6 bats
  3 frilled lizards
  12 goblins
  6 kobolds
  13 rats
118 creatures vanquished.

Notes
Turn   | Place    | Note
-------+----------+-------------------------------------------
     0 | D:1      | gandydancer the Gargoyle Monk began the quest for the Orb.
     0 | D:1      | Reached XP level 1. HP: 14/14 MP: 1/1
   218 | D:1      | Reached XP level 2. HP: 19/19 MP: 2/2
   687 | D:1      | Reached XP level 3. HP: 21/24 MP: 3/3
  1493 | D:2      | Reached skill level 4 in Maces & Flails
  1493 | D:2      | Reached XP level 4. HP: 29/29 MP: 4/4
  2996 | D:3      | Found an opulent altar of Gozag.
  3094 | D:3      | Found an iron altar of Okawaru.
  3473 | D:3      | Reached XP level 5. HP: 33/33 MP: 5/5
  3643 | D:3      | Became a worshipper of Warmaster Okawaru
  3643 | D:3      | Reached * piety under Okawaru
  3643 | D:3      | Reached ** piety under Okawaru
  3749 | D:4      | Reached skill level 1 in Armour
  3765 | D:5      | Entered Level 5 of the Dungeon
  3789 | D:5      | Reached skill level 5 in Maces & Flails
  3966 | D:5      | Reached XP level 6. HP: 36/39 MP: 6/6
  3992 | D:5      | Upgraded the game from 0.30-a0-1116-gebefce21f7 to
                  | 0.30-a0-1157-g2cc9ac7196
  4141 | D:5      | Noticed an ice beast
  4158 | D:5      | Killed an ice beast
  4170 | D:5      | Noticed Ijyb
  4197 | D:5      | Killed Ijyb
  4291 | D:5      | Reached XP level 7. HP: 44/44 MP: 7/7
  4331 | D:5      | Reached skill level 6 in Maces & Flails
  4668 | D:5      | Reached skill level 5 in Fighting
  4675 | D:5      | Reached *** piety under Okawaru
  5265 | D:6      | Found Zin's Purification Station.
  5297 | D:6      | Found a glowing silver altar of Zin.
  5525 | D:6      | Found a white marble altar of Elyvilon.
  5680 | D:6      | Fell from the grace of Okawaru
  5680 | D:6      | Became a worshipper of Elyvilon the Healer
  5734 | D:6      | Reached skill level 7 in Maces & Flails
  5737 | D:6      | Noticed a merfolk impaler
  5737 | D:6      | Noticed a merfolk
  5737 | D:6      | Noticed a merfolk
  5737 | D:6      | Noticed an orc knight
  5737 | D:6      | Noticed a warg
  5741 | D:6      | HP: 1/44 [orc warrior/+0 trident[the fury of Okawaru] (15)]
  5741 | D:6      | Demolished by an orc knight

Illustrated notes

Levels and vault maps discovered:
D:1:      minmay_arrival_glassed_features, layout_loops_ring,
          roderic_serpentine_path, minmay_heptomino_d4
D:2:      layout_basic
D:3:      minmay_razor_zed, layout_rooms, grunt_gozag_statues,
          kennysheep_okawaru_gauntlet
D:4:      minmay_door_path, layout_cave_pools, mainiacjoe_overflow_alcove_4,
          uniq_edmund, uniq_sigmund
D:5:      layout_basic, kennysheep_generic_room_2, uniq_ijyb
D:6:      layout_gridville, elyvilon_altar_5, doesnt_xom_only_xom, zin_purify,
          nicolae_concentric_dashed_squares_mild, kennysheep_generic_room_8

Skill      XL: |  1  2  3  4  5  6  7 |
---------------+----------------------+-----
Maces & Flails | 4 5 7 |  7.0
Fighting       | 4 5 |  5.1
Armour         | 1 3 |  3.7
Dodging        | |  2.8
Stealth        | |  0.1

Action                     |  1- 3 |  4- 6 |  7- 9 || total
---------------------------+-------+-------+-------++-------
  Melee: Mace              |    96 |   122 |       ||   218
         Flail             |       |    80 |    74 ||   154
  Throw: Boomerang         |       |       |     1 ||     1
    Use: Scroll            |     1 |     3 |     1 ||     5
 Armour: Robe              |    23 |       |       ||    23
         Plate armour      |    45 |   287 |    77 ||   409
  Dodge: Dodged            |    58 |    98 |    41 ||   197

Table legend: (Time is in decaauts)
 A = Elapsed time spent in this place.
 B = Non-inter-level travel time spent in this place.
 C = Inter-level travel time spent in this place.
 D = Time resting spent in this place.
 E = Time spent auto-exploring this place.
 F = Levels seen in this place.
 G = Mean time per level.
                   A        B        C        D        E       F      G
               +--------+--------+--------+--------+--------+-----+--------+
         Total |   5799 |   5761 |     38 |      0 |      0 |   6 |  966.5 |
       Dungeon |   5799 |   5761 |     38 |      0 |      0 |   6 |  966.5 |
               +--------+--------+--------+--------+--------+-----+--------+

Top non-repeatable levels by time:
     D:1: 1327 daAuts
     D:5: 1313 daAuts
     D:2: 1274 daAuts
     D:3: 1180 daAuts
     D:6: 678 daAuts
     D:4: 24 daAuts
